 Dungeon Crawl Stone Soup version 0.17-a0-1647-gb11a595 (console) character file.

51 Monkaria the Conjurer (level 3, 19/19 HPs)
             Began as a Deep Elf Conjurer on Aug 12, 2015.
             Was a Follower of Okawaru.
             Quit the game on level 2 of the Dungeon.
             The game lasted 00:02:33 (1277 turns).

Monkaria the Conjurer (Deep Elf Conjurer)           Turns: 1277, Time: 00:02:33

Health: 19/19      AC:  2    Str:  5    XL:     3   Next: 57%
Magic:  7/9        EV: 16    Int: 20    God:    Okawaru [*.....]
Gold:   115        SH:  0    Dex: 15    Spells: 2 memorised, 5 levels left

rFire  . . .     SeeInvis .       - Unarmed
rCold  . . .     Clarity  .     a - +0 robe
rNeg   . . .     SustAt   .     (no shield)
rPois  .         Gourm    .     (no helmet)
rElec  .         Spirit   .     (no cloak)
rCorr  .         Warding  .     (no gloves)
rMut   .         Stasis   .     (no boots)
MR     .....                    (no amulet)
Stlth  ++++......               (no ring)
                                (no ring)

@: heroism, not resistant to hostile enchantments, stealthy
A: no striking features
a: Heroism, Renounce Religion


You were on level 2 of the Dungeon.
You worshipped Okawaru.
Okawaru was aware of your devotion.
You were very hungry.

You visited 1 branch of the dungeon, and saw 2 of its levels.

You collected 115 gold pieces.

Inventory:

Missiles
 i - 16 poisoned needles
Armour
 a - a +0 robe (worn)
Scrolls
 d - a scroll of remove curse {unknown}
 g - 2 scrolls of fog {unknown}
 h - a scroll of identify {unknown}
 j - a scroll of teleportation {unknown}
 k - a scroll of random uselessness {unknown}
 l - a scroll of noise {unknown}
 m - 4 scrolls of blinking {unknown}
 p - a scroll of enchant weapon {unknown}
Potions
 e - 2 potions of brilliance {unknown}
 f - a potion of cancellation {unknown}
 n - a potion of curing {unknown}
 o - a potion of invisibility {unknown}
Books
 b - a book of Conjurations

   Spells                             Type                      Level
   a - Magic Dart                     Conjuration                  1
   b - Searing Ray                    Conjuration                  2
   c - Dazzling Spray                 Conjuration/Hexes            3
   d - Fulminant Prism                Conjuration/Hexes            4
   e - Iskenderun's Mystic Blast      Conjuration                  4
   f - Iskenderun's Battlesphere      Conjuration/Charms           5
Comestibles
 c - a bread ration


   Skills:
 - Level 2.4(7.4) Dodging
 - Level 2.4(7.4) Stealth
 - Level 3.0 Spellcasting
 + Level 5.9 Conjurations


You had 5 spell levels left.
You knew the following spells:

 Your Spells              Type           Power        Failure   Level  Hunger
a - Magic Dart            Conj           ####         1%          1    None
b - Searing Ray           Conj           ####..       1%          2    ##.....


Dungeon Overview and Level Annotations

Branches:
Dungeon (2/15)

Altars:
Okawaru
Trog
The Shining One


Message History

Okay, then.
Done exploring.
Search for what [? for help]? altar Done exploring.
Done exploring.
There is a faded altar to an unknown god here.
This altar will convert you to a god.
You cannot discern which.
Do you pray?
Okay, then.
Unknown command.
This altar will convert you to a god.
You cannot discern which.
Do you pray? [Y]es or [N]o only, please.
This altar will convert you to a god.
You cannot discern which.
Do you pray? Okawaru accepts your prayer! Okawaru welcomes you!
You can now gain great but temporary skills.
Use which ability? (? or * to list)
You gain the combat prowess of a mighty hero.
You are feeling very hungry.
Done exploring.
Are you sure you want to abandon this character and quit the game? (Confirm with "yes".)

.........#...#.#...............#
##.....>.....#.....#...........#
##......#....#...............>.#
........#....#.###........##...#
###.....###........(......######
##########)...............#
....# #......8.......### #.###
####..#..8.8....#### ..#
#.....#.8.@.8......## #.#
#.##..#..8.8........#
#.#####.##..#...8.....###.##
#.......##..........####...#
#.#####..(....####.#####.#.# #.#
#####.#.# #.###.._..#
###########.#.# #.<...#.###
............### #####.#..#
############# ##....#


There were no monsters in sight!

Vanquished Creatures
  2 giant geckos (D:1)
  3 giant cockroaches
  5 goblins
  4 hobgoblins
  4 jackals (D:2)
  13 bats
  8 kobolds
  5 rats (D:1)
44 creatures vanquished.

Vanquished Creatures (others)
  4 toadstools (D:1)
4 creatures vanquished.

Grand Total: 48 creatures vanquished

Notes
Turn   | Place    | Note
--------------------------------------------------------------
     0 | D:1      | Monkaria the Deep Elf Conjurer began the quest for the Orb.
     0 | D:1      | Reached XP level 1. HP: 10/10 MP: 6/6
   197 | D:1      | Reached XP level 2. HP: 15/15 MP: 6/8
   224 | D:1      | Reached skill level 5 in Conjurations
   317 | D:1      | Learned a level 2 spell: Searing Ray
   495 | D:1      | Reached XP level 3. HP: 17/19 MP: 0/9
   647 | D:2      | Found a glowing golden altar of the Shining One.
   647 | D:2      | Found a faded altar to an unknown god.
  1036 | D:2      | Found a bloodstained altar of Trog.
  1275 | D:2      | Became a worshipper of Warmaster Okawaru
  1275 | D:2      | Acquired Okawaru's first power
  1277 | D:2      | Quit the game

Vault maps used:
D:1:      ldierk_walled_garden_2
D:2:      lemuel_crystal_altar, ecumenical_altar_2, trog_three_pillars_becter

Action                   || total
-------------------------++-------
Melee: Unarmed           ||     3
 Cast: Magic Dart        ||    67
       Searing Ray       ||     1
Invok: Heroism           ||     1
